 Dungeon Crawl Stone Soup version 0.31-a0-175-g9f7f995f2b (webtiles) character file.

Game seed: 15068530438345775198

1320 qw the Skirmisher (level 8, -11/51 HPs)
             Began as a Gargoyle Hunter on June 17, 2023.
             Was an Initiate of Okawaru.
             Mangled by an orc warrior
             ... wielding a +0 long sword
              (14 damage)
             ... on level 6 of the Dungeon.
             The game lasted 00:01:58 (4785 turns).

qw the Skirmisher (Gargoyle Hunter)                 Turns: 4785, Time: 00:01:59

Health: -11/51     AC: 15    Str: 15    XL:     8   Next: 59%
Magic:  7/7        EV: 11    Int: 10    God:    Okawaru [......]
Gold:   213        SH:  5    Dex: 15    Spells: 7/7 levels left

rFire   . . .        Y - +2 arbalest (freeze)
rCold   . . .        (shield currently unavailable)
rNeg    + . .        h - +0 ring mail
rPois   inf          (helmet restricted)
rElec   +            (no cloak)
rCorr   .            j - +0 pair of gloves
SInv    .            p - +0 pair of boots
Will    .....        m - amulet of reflection
Stlth   +            (no ring)
HPRegen 0.28/turn    (no ring)
MPRegen 0.10/turn

%: reflection
@: no status effects
A: sickness immunity, AC +5, negative energy resistance 1, electricity
resistance, torment resistance 1, petrification resistance, antennae 1,
iridescent scales 1, low MP 1
a: Renounce Religion


You were on level 6 of the Dungeon.
You worshipped Okawaru.
Okawaru was noncommittal.
You visited 1 branch of the dungeon, and saw 6 of its levels.
You also visited: Sewer.

You collected 213 gold pieces.


Innate Abilities, Weirdness & Mutations

You are immune to sickness and miasma.
Your stone body is resilient. (AC +5)
You are immune to poison.
You resist negative energy. (rN+)
You are resistant to electric shocks. (rElec)
You are resistant to unholy torment.
You are immune to petrification.
You have a pair of small antennae on your head.
You are partially covered in iridescent scales. (AC +2)
Your magical capacity is low. (-10% MP)


   Skills:
 - Level 6.1 Fighting
 + Level 9.1 Ranged Weapons
 - Level 2.7 Armour
 - Level 2.0 Dodging
 - Level 1.1 Stealth


You had 7 spell levels left.
You didn't know any spells.
Your spell library was empty.

Inventory:

Hand Weapons
 Y - a +2 arbalest of freezing (weapon)
Armour
 c - a +1 cloak
 h - a +0 ring mail (worn)
 j - a +0 pair of gloves (worn)
 p - a +0 pair of boots (worn)
Jewellery
 m - an amulet of reflection (around neck)
Scrolls
 a - a scroll of identify
Potions
 b - a potion of curing {unknown}
 d - a potion of mutation
 e - a potion of resistance {unknown}
 f - a potion of degeneration {unknown}
 g - a potion of haste {unknown}
 i - a potion of might
 k - a potion of magic

Dungeon Overview and Level Annotations

Branches:
Dungeon (6/15)             Temple (0/1) D:6           Sewer (visited)

Altars:
Cheibriados
Kikubaaqudgha
Okawaru
Xom
Zin

Annotations:
D:5 2 runed translucent doors


Message History

The orc warrior hits you but does no damage.
Something hits you but does no damage. The water moccasin barely misses you.
Something hits you.
The orc warrior hits you with a +0 long sword.
The water moccasin closely misses you. Something hits you but does no damage.
4780 ||| DRINKING potion of heal wounds.
You feel much better. Something hits you. The water moccasin bites you.
The orc warrior hits you with a +0 long sword!
Something hits you.
You feel less confused.
The water moccasin bites you but does no damage.
You hear some strange, mumbled words.
A puff of flame appears from out of thin air!
You block puff of flame... and reflect it back!
The puff of flame hits something.
You block the orc warrior's attack. Something hits you but does no damage.
You shoot a bolt. The bolt barely misses the orc warrior.
You block the water moccasin's attack. Something hits you but does no damage.
The water moccasin bites you but does no damage.
The orc warrior hits you with a +0 long sword!
Something hits you but does no damage. x2; The water moccasin barely misses you.
You shoot a bolt. The bolt barely misses the orc warrior.
The water moccasin closely misses you.
The orc warrior hits you with a +0 long sword.
You block something's attack. Something hits you but does no damage.
The orc priest begins to cast a cantrip, but forgets the words!
The water moccasin bites you. You block the orc warrior's attack.
Something hits you but does no damage. x2
You shoot a bolt. The bolt hits the orc warrior.
The bolt freezes the orc warrior.
The orc warrior is severely wounded.
The water moccasin bites you but does no damage.
The orc warrior barely misses you. Something hits you.
Something hits you but does no damage. The water moccasin closely misses you.
You shoot a bolt.
The bolt closely misses the orc warrior.
The water moccasin bites you.
The orc warrior hits you with a +0 long sword!
You die...

## #..## ######.#.##
..~~ ........#.# ..~.
. ###.<....## ..~..~
#.#...## ###...~~.
#.###.# #........ #.#
#.# #o.^....~ .
#.###.########S#....~.
..
#.........>...@{o...~.
.
#####.........o{.....~
#####.##.###......
#.##.# ...... #.##.#
###~~ #.##.# ~ #....#
####.# #.#


You could see an orc warrior, a water moccasin, an orc priest and an orc.

Vanquished Creatures
  Grinder (D:6)
  Menkaure (D:4)
  A phantom (D:6)
  4 kobold brigands (Sewer)
  2 scorpions
  A sleepcap (D:6)
  3 jellies
  An orc priest (D:4)
  Jessica (D:3)
  Natasha (thrice) (D:2)
  An iguana (D:6)
  14 adders
  2 river rats (Sewer)
  A white imp (D:5)
  An ufetubus (D:6)
  7 worms
  8 orcs
  9 ball pythons
  12 endoplasms
  6 giant cockroaches
  3 goblins
  7 hobgoblins
  2 jackals (D:1)
  8 quokkas
  A bat (D:2)
  2 frilled lizards
  8 kobolds
  11 rats
121 creatures vanquished.

Notes
Turn   | Place    | Note
-------+----------+-------------------------------------------
     0 | D:1      | qw the Gargoyle Hunter began the quest for the Orb.
     0 | D:1      | Reached XP level 1. HP: 12/12 MP: 1/1
     0 | D:1      | 0 ||| qw: Version: 0.3-a-2-g5ab2908
     0 | D:1      | 0 ||| qw: Game counter: 387
     0 | D:1      | 0 ||| qw: Always use a shield: true
     0 | D:1      | 0 ||| qw: God list: Okawaru
     0 | D:1      | 0 ||| qw: Allow faded altars: false
     0 | D:1      | 0 ||| qw: Do Orc after D:15 true
     0 | D:1      | 0 ||| qw: Do second Lair branch before Depths: true
     0 | D:1      | 0 ||| qw: Lair rune preference: random
     0 | D:1      | 0 ||| qw: Plans: Normal, Zot:1-4, Slime:5, God:TSO, Crypt,
                  | Tomb, Abyss, Pan, Hells, Win
     0 | D:1      | 0 ||| PLANNING D:1-11
   183 | D:1      | Reached XP level 2. HP: 14/17 MP: 2/2
   687 | D:1      | 687 ||| UPGRADING to +0 ring mail.
   697 | D:1      | 697 ||| DROPPING +0 leather armour.
   698 | D:1      | 698 ||| READING scroll labelled RUDWOM HUBUME.
   699 | D:1      | 699 ||| DROPPING scroll of butterflies.
   799 | D:2      | Reached XP level 3. HP: 21/21 MP: 3/3
   864 | D:2      | Reached skill level 1 in Armour
   917 | D:2      | Reached skill level 5 in Ranged Weapons
   974 | D:2      | Noticed Natasha
   981 | D:2      | Killed Natasha
   982 | D:2      | Reached skill level 3 in Fighting
   982 | D:2      | Reached XP level 4. HP: 27/28 MP: 4/4
  1194 | D:2      | Noticed Natasha
  1203 | D:2      | Killed Natasha
  1204 | D:2      | Reached XP level 5. HP: 23/32 MP: 5/5
  1376 | D:2      | Noticed Natasha
  1389 | D:2      | HP: 8/32 [cerulean imp/+0 spear[Natasha] (2)]
  1392 | D:2      | Killed Natasha
  1512 | D:3      | 1512 ||| PLANNING SEWER
  1591 | D:3      | Reached skill level 6 in Ranged Weapons
  1641 | D:3      | Found a glowing drain.
  1662 | D:3      | 1662 ||| STAIRDANCE
  1672 | Sewer    | Entered a sewer
  1716 | Sewer    | Noticed a kobold brigand
  1717 | Sewer    | 1717 ||| Stepping ~*~*~tactically~*~*~ (water).
  1746 | Sewer    | Killed a kobold brigand
  1747 | Sewer    | Reached XP level 6. HP: 16/39 MP: 6/6
  1949 | Sewer    | 1949 ||| Stepping ~*~*~tactically~*~*~ (water).
  1992 | Sewer    | 1992 ||| Stepping ~*~*~tactically~*~*~ (water).
  2107 | Sewer    | 2107 ||| Stepping ~*~*~tactically~*~*~ (water).
  2133 | Sewer    | 2133 ||| Stepping ~*~*~tactically~*~*~ (water).
  2154 | Sewer    | Reached skill level 7 in Ranged Weapons
  2154 | Sewer    | Reached XP level 7. HP: 44/44 MP: 7/7
  2285 | Sewer    | 2285 ||| Stepping ~*~*~tactically~*~*~ (water).
  2323 | Sewer    | 2323 ||| Stepping ~*~*~tactically~*~*~ (water).
  2361 | Sewer    | 2361 ||| READING scroll labelled LOIQEJ ABBU.
  2361 | Sewer    | Identified a scroll of acquirement
  2361 | Sewer    | 2361 ||| ACQUIRING +2 arbalest of freezing
  2361 | Sewer    | Acquired a +2 arbalest of freezing
  2363 | Sewer    | 2363 ||| SWAPPING to +2 arbalest of freezing.
  2364 | Sewer    | 2364 ||| DROPPING +0 shortbow.
  2365 | Sewer    | 2365 ||| DRINKING 2 inky potions.
  2365 | Sewer    | Gained mutation: You are partially covered in iridescent
                  | scales. (AC +2) [potion of mutation]
  2365 | Sewer    | Gained mutation: You have a pair of small antennae on your
                  | head. [potion of mutation]
  2365 | Sewer    | Gained mutation: Your magical capacity is low. (-10% MP)
                  | [potion of mutation]
  2366 | Sewer    | 2366 ||| DRINKING 2 pink potions.
  2389 | D:3      | 2389 ||| PLANNING D:1-11
  2390 | D:3      | 2390 ||| Stepping ~*~*~tactically~*~*~ (water).
  2620 | D:3      | 2620 ||| READING scroll labelled EMORRAYXOE.
  2624 | D:3      | Found a faded altar of an unknown god.
  2739 | D:3      | Noticed Jessica
  2742 | D:3      | Killed Jessica
  2923 | D:4      | Noticed Menkaure
  2926 | D:4      | Killed Menkaure
  2927 | D:4      | Reached skill level 8 in Ranged Weapons
  3149 | D:4      | Found a snail-covered altar of Cheibriados.
  3356 | D:4      | 3356 ||| UPGRADING to +0 pair of gloves.
  3361 | D:4      | 3361 ||| DROPPING scarf of shadows.
  3362 | D:4      | 3362 ||| UPGRADING to +0 pair of boots.
  3367 | D:4      | 3367 ||| READING scroll labelled OZENOUS CISH.
  3400 | D:4      | 3400 ||| READING scroll labelled LEIF CANLO.
  3401 | D:4      | 3401 ||| READING scroll labelled NEUH JERGHEQ.
  3402 | D:4      | 3402 ||| DRINKING 2 green potions.
  3406 | D:5      | Entered Level 5 of the Dungeon
  3511 | D:5      | Found an iron altar of Okawaru.
  3512 | D:5      | 3512 ||| PLANNING OKAWARU WORSHIP
  3519 | D:5      | Became a worshipper of Warmaster Okawaru
  3520 | D:5      | 3520 ||| PLANNING D:1-11
  3602 | D:5      | Reached XP level 8. HP: 49/49 MP: 7/7
  3615 | D:5      | Found a large runed translucent door.
  3618 | D:5      | Found a large runed translucent door.
  3819 | D:5      | Found a glowing silver altar of Zin.
  4200 | D:5      | 4200 ||| UPGRADING to amulet of reflection.
  4205 | D:5      | 4205 ||| DRINKING 2 purple potions.
  4206 | D:5      | 4206 ||| READING 2 scrolls of identify.
  4206 | D:5      | 4206 ||| IDENTIFYING cyan potion
  4207 | D:5      | 4207 ||| DROPPING potion of brilliance.
  4208 | D:5      | 4208 ||| DROPPING potion of invisibility.
  4362 | D:6      | Noticed Grinder
  4382 | D:6      | Identified the +4 hand axe of Cheese {holy, rPois rF+
                  | Str-3}
  4387 | D:6      | Killed Grinder
  4388 | D:6      | Reached skill level 9 in Ranged Weapons
  4470 | D:6      | Found an ancient bone altar of Kikubaaqudgha.
  4480 | D:6      | Identified the +3 morningstar "Heopt" {vamp, rElec}
  4486 | D:6      | Found a shimmering altar of Xom.
  4576 | D:6      | Found a staircase to the Ecumenical Temple.
  4582 | D:6      | Reached skill level 6 in Fighting
  4768 | D:6      | HP: 3/51 [orc priest/divine providence (10)]
  4769 | D:6      | 4769 ||| DRINKING 3 potions of heal wounds.
  4777 | D:6      | HP: 8/51 [orc warrior/+0 long sword (7)]
  4778 | D:6      | 4778 ||| DRINKING 2 potions of heal wounds.
  4780 | D:6      | 4780 ||| DRINKING potion of heal wounds.
  4782 | D:6      | HP: 10/51 [orc warrior/+0 long sword (8)]
  4785 | D:6      | HP: 3/51 [water moccasin (3)]
  4785 | D:6      | Mangled by an orc warrior

Levels and vault maps discovered:
D:1:      doesnt_arrival_eight_statues, layout_basic
D:2:      layout_basic, uniq_natasha
D:3:      layout_loops_ring, shapermc_ecumenical_altar_rom_forum,
          portal_sewer_entry_b, uniq_jessica
D:4:      layout_rooms, lemuel_doored_altar, uniq_menkaure
D:5:      layout_gridville, zin_statuary, nicolae_overflow_crystal_walls,
          jmf_multi_god_temple2
D:6:      cheibrodos_helix_gallery, layout_loops_ring, nicolae_overflow_squiral,
          minmay_temple_entry_nine_rooms, corexii_leaking_fountain,
          minmay_crystal_room, uniq_grinder

Skill      XL: |  1  2  3  4  5  6  7  8 |
---------------+-------------------------+-----
Armour         | 1 2 |  2.7
Ranged Weapons | 5 6 7 8 9 |  9.1
Fighting       | 3 4 5 6 |  6.1
Dodging        | 2 |  2.0
Stealth        | |  1.1

Action                     |  1- 3 |  4- 6 |  7- 9 || total
---------------------------+-------+-------+-------++-------
   Fire: Shortbow          |    92 |   188 |    39 ||   319
         Arbalest          |       |       |   109 ||   109
    Use: Scroll            |     1 |       |     6 ||     7
         Potion            |       |       |     7 ||     7
 Armour: Leather armour    |     4 |       |       ||     4
         Ring mail         |     5 |    58 |    82 ||   145
  Dodge: Dodged            |    14 |    61 |    57 ||   132
  Block: Other             |       |       |    15 ||    15
         Reflection        |       |       |     1 ||     1

Table legend:
 A = Non-vault XP
 B = Vault XP
 C = Vault XP percentage of total XP
 D = Non-vault monster count
 E = Vault monster count
 F = Vault count percentage of total count
                 A         B        C        D         E       F
            +---------+---------+-------+---------+---------+-------
      Total |     847 |    1039 |  55.1 |      84 |      37 |  30.6
            +---------+---------+-------+---------+---------+-------
        D:1 |      32 |       0 |   0.0 |      19 |       0 |   0.0
        D:2 |     143 |      35 |  19.7 |      22 |       1 |   4.3
        D:3 |      65 |      43 |  39.8 |      17 |       5 |  22.7
        D:4 |      98 |     172 |  63.7 |      11 |       1 |   8.3
        D:5 |     145 |       0 |   0.0 |       7 |       0 |   0.0
        D:6 |     364 |     267 |  42.3 |       8 |       2 |  20.0
      Sewer |       0 |     522 | 100.0 |       0 |      28 | 100.0
            +---------+---------+-------+---------+---------+-------
